 Dungeon Crawl Stone Soup version 0.28-a0-1524-ge72afd5fc6 (webtiles) character file.

Game seed: 11996677384101647534

166 knot the Chopper (level 5, 2/63 HPs)
             Began as a Demonspawn Berserker on Jan 18, 2022.
             Was a Believer of Trog.
             Quit the game on level 4 of the Dungeon.
             The game lasted 00:02:05 (3315 turns).

knot the Chopper (Demonspawn Berserker)             Turns: 3315, Time: 00:02:06

Health: 2/63       AC:  6    Str: 17    XL:     5   Next: 22%
Magic:  5/5        EV: 10    Int: 11    God:    Trog [**....]
Gold:   104        SH:  0    Dex: 12    Spells: 4/4 levels left

rFire   . . .      SeeInvis .   t - +0 war axe
rCold   . . .      Faith    .   (no shield)
rNeg    . . .      Spirit   .   e - +0 scale mail
rPois   .          Reflect  .   (helmet restricted)
rElec   .          Harm     .   (no cloak)
rCorr   .          Rampage  .   (no gloves)
Will    .....                   (no boots)
Stlth   ..........              c - amulet of the acrobat
HPRegen 0.20/turn               (no ring)
MPRegen 0.09/turn               (no ring)

@: berserking, very quick
A: antennae 2, sanguine armour 1
a: Renounce Religion, Berserk, Trog's Hand


You were on level 4 of the Dungeon.
You worshipped Trog.
Trog was pleased with you.
You visited 1 branch of the dungeon, and saw 4 of its levels.

You collected 104 gold pieces.

Inventory:

Hand Weapons
 a - a +0 hand axe
 t - a +0 war axe (weapon)
Missiles
 d - 68 stones (quivered)
 o - 37 sling bullets
 s - 5 curare-tipped darts
Armour
 e - a +0 scale mail (worn)
Jewellery
 c - an amulet of the acrobat (around neck)
Scrolls
 f - a scroll of magic mapping {unknown}
 g - a scroll of immolation {unknown}
 h - a scroll of identify {unknown}
 j - a scroll of teleportation {unknown}
 l - 3 scrolls of vulnerability {unknown}
 q - a scroll of holy word {unknown}
Potions
 b - 2 potions of mutation {unknown}
 i - a potion of flight {unknown}
 k - 4 potions of curing {unknown}
 m - a potion of resistance {unknown}
 n - a potion of might {unknown}
 p - a potion of cancellation {unknown}
 r - a potion of heal wounds {unknown}


   Skills:
 + Level 3.7 Fighting
 * Level 4.0 Axes
 + Level 2.7 Armour
 + Level 2.6 Dodging


You had 4 spell levels left.
You didn't know any spells.
Your spell library contained the following spells:

 Spells                   Type           Power      Damage    Failure   Level
 Call Canine Familiar     Summ           0%         N/A       98%         3
 Portal Projectile        Hex/Tloc       0%         N/A       98%         3
 Leda's Liquefaction      Hex/Erth       0%         N/A       100%        4


Dungeon Overview and Level Annotations

Branches:
Dungeon (4/15)             Temple (0/1) D:4

Altars:
Cheibriados
Uskayaw

Annotations:
D:3 1 runed translucent door, Crazy Yiuf


Innate Abilities, Weirdness & Mutations

You have a pair of antennae on your head.
When seriously injured, your blood forms armour. (AC +0)


Message History

You hit the hound.
The hound is heavily wounded.
The hound bites you. x2
Unknown command.
You are too injured to fight recklessly!
You are too injured to fight recklessly!
You are too injured to fight recklessly!
You slash the hound!
The hound is almost dead.
The hound bites you. The hound barely misses you.
You closely miss the hound.
The hound is almost dead.
The hound bites you. The hound bites you but does no damage.
You hit the hound but do no damage.
The hound is almost dead.
The hound bites you. x2
* * * LOW HITPOINT WARNING * * *
You miss the hound.
The hound is almost dead.
The hound bites you.
* * * LOW HITPOINT WARNING * * *
The hound bites you but does no damage.
You hit the hound but do no damage.
The hound is almost dead.
The hound bites you.
* * * LOW HITPOINT WARNING * * *
The hound bites you.
* * * LOW HITPOINT WARNING * * *
A red film seems to cover your vision as you go berserk!
You feel yourself moving faster!
You feel mighty!
The hound pauses to sniff the ground.
The hound barely misses you. The hound bites you but does no damage.
You slash the hound!
You kill the hound!
Trog accepts your kill.
Your Axes skill increases to level 4!
You have reached level 5!
Your demonic ancestry asserts itself...
You feel your blood ready itself to protect you.
Are you sure you want to abandon this character and quit the game? (Confirm with "yes".)

...### .####.# ##...#
#......#.... ###.#
###........... ####.#
##.............
..)..#####..............
####.......#..........>.
..####..................
#.# ####....<..........
.# #.†..##.(..@....... .
#..######..........#
#.>. #####.......#...#
.... ##...<...##.## ###
....##..##..####..#
.................... #
.........####.....#
....#...# ....# ..#
#.........


There were no monsters in sight!

Vanquished Creatures
  A hound (D:4)
  A centaur skeleton (D:4)
  2 hound skeletons (D:4)
  2 adders
  An adder skeleton (D:4)
  A worm (D:1)
  3 dart slugs
  4 orcs
  3 endoplasms
  3 giant cockroaches
  4 goblins
  3 hobgoblins
  4 kobolds
  2 quokkas
  4 ball pythons
  5 bats
  3 frilled lizards
  6 rats
52 creatures vanquished.

Notes
Turn   | Place    | Note
-------+----------+-------------------------------------------
     0 | D:1      | knot the Demonspawn Berserker began the quest for the Orb.
     0 | D:1      | Reached XP level 1. HP: 18/18 MP: 1/1
   489 | D:1      | Gained mutation: You have a pair of small antennae on your
                  | head. [demonic ancestry]
   489 | D:1      | Reached XP level 2. HP: 22/24 MP: 2/2
   727 | D:1      | Reached skill level 3 in Axes
   972 | D:1      | Found a faded altar of an unknown god.
  1503 | D:2      | Gained mutation: You have a pair of antennae on your head.
                  | [demonic ancestry]
  1503 | D:2      | Reached XP level 3. HP: 25/29 MP: 3/3
  1740 | D:2      | Found a snail-covered altar of Cheibriados.
  2276 | D:3      | Found a hide-covered altar of Uskayaw.
  2674 | D:3      | Found a runed translucent door.
  2675 | D:3      | Noticed Crazy Yiuf
  2760 | D:3      | You fall into a shaft and drop 1 floor!
  3134 | D:4      | Reached XP level 4. HP: 34/35 MP: 4/4
  3158 | D:4      | Reached ** piety under Trog
  3199 | D:4      | Found a staircase to the Ecumenical Temple.
  3312 | D:4      | HP: 1/37 [hound (4)]
  3315 | D:4      | Reached skill level 4 in Axes
  3315 | D:4      | Gained mutation: When seriously injured, your blood forms
                  | armour. (AC +0) [demonic ancestry]
  3315 | D:4      | Reached XP level 5. HP: 2/42 MP: 5/5
  3315 | D:4      | Quit the game

Illustrated notes

Levels and vault maps discovered:
D:1:      heliophobic_arrival_battle_scene, layout_basic,
          shapermc_ecumenical_altar_petra, nicolae_wormholes
D:2:      minmay_door_path, layout_loops_ring, basic_altar
D:3:      layout_loops_ring, mainiacjoe_overflow_brackets,
          uniq_crazy_yiuf_cottage
D:4:      layout_rooms, tso_altar, zin_scriptorium, lemuel_round_altar,
          trog_butcher_becter, minmay_temple_entry_grid, serial_corexii_hall,
          corexii_hall_statues_l, corexii_hall_statues_l,
          chequers_hall_statues_y, corexii_hall_statues_l,
          corexii_hall_statues_t, corexii_hall_statues_x, lemuel_old_faithful

Skill      XL: |  1  2  3  4 |
---------------+-------------+-----
Axes           | 3 4 |  4.0
Armour         | 2 |  2.7
Dodging        | 2 |  2.6
Fighting       | |  3.7

Action                   |  1- 3 |  4- 6 || total
-------------------------+-------+-------++-------
Melee: Hand axe          |   139 |       ||   139
       War axe           |     6 |    37 ||    43
       Punch             |     1 |       ||     1
Invok: Berserk           |     1 |     1 ||     2
Armor: Animal skin       |     5 |       ||     5
       Scale mail        |    42 |    28 ||    70
Dodge: Dodged            |    85 |    27 ||   112

Table legend: (Time is in decaauts)
 A = Elapsed time spent in this place.
 B = Non-inter-level travel time spent in this place.
 C = Inter-level travel time spent in this place.
 D = Time resting spent in this place.
 E = Time spent auto-exploring this place.
 F = Levels seen in this place.
 G = Mean time per level.
                   A        B        C        D        E       F      G
               +--------+--------+--------+--------+--------+-----+--------+
         Total |   3356 |   3257 |     99 |    151 |   2687 |   4 |  839.0 |
       Dungeon |   3356 |   3257 |     99 |    151 |   2687 |   4 |  839.0 |
               +--------+--------+--------+--------+--------+-----+--------+

Top non-repeatable levels by time:
     D:1: 1265 daAuts
     D:2: 1004 daAuts
     D:3: 861 daAuts
     D:4: 225 daAuts
